 Dungeon Crawl Stone Soup version 0.28-a0-863-g8cecda6153 (webtiles) character file.

Game seed: 3377211193615318313

100994 1994 the Blocker (level 16, -6/126 HPs)
             Began as a Formicid Ice Elementalist on Nov 17, 2021.
             Was a Follower of Uskayaw.
             Mangled by a caustic shrike simulacrum (9 damage)
             ... in an ice cave on Nov 18, 2021.
             The game lasted 02:20:01 (29981 turns).

1994 the Blocker (Formicid Ice Elementalist)       Turns: 29981, Time: 02:20:01

Health: -6/126     AC: 22    Str: 16    XL:     16   Next: 81%
Magic:  32/32      EV: 11    Int: 25    God:    Uskayaw [*.....]
Gold:   1538       SH: 19    Dex: 11    Spells: 19/40 levels left

rFire   + . .      SeeInvis +   a - +0 lajatang (flame)
rCold   + + +      Faith    .   w - +2 tower shield
rNeg    . . .      Spirit   .   U - +4 skin of Zhor {*Englaciate rC+++ SInv}
rPois   .          Reflect  .   (helmet unavailable)
rElec   .          Harm     .   x - +1 cloak {rF+}
rCorr   .          Rampage  .   E - +0 pair of gloves
Will    +....                   M - +1 pair of boots
Stlth   +++++.....              m - amulet of magic regeneration
HPRegen 0.31/turn               Z - +4 ring of slaying
MPRegen 0.48/turn               B - +6 ring of intelligence

@: ice-armoured, studying Long Blades
A: permanent stasis, dig shafts and tunnels, antennae 3, four strong arms
a: Dig, Renounce Religion, Stomp


You were in an ice cave.
You worshipped Uskayaw.
Uskayaw was aware of your devotion.
You visited 3 branches of the dungeon, and saw 22 of its levels.
You also visited: Gauntlet, Ice Cave and Volcano.

You collected 1718 gold pieces.
You spent 180 gold pieces at shops.

Inventory:

Hand Weapons
 a - a +0 lajatang of flaming (weapon)
 i - a +1 quarterstaff of speed
Missiles
 v - 6 curare-tipped darts
 J - 3 throwing nets
 T - 7 poisoned darts (quivered)
Armour
 j - a +1 cloak of cold resistance
 w - a +2 tower shield (worn)
 x - a +1 cloak of fire resistance (worn)
 E - a +0 pair of gloves (worn)
 M - a +1 pair of boots (worn)
 U - the +4 skin of Zhor (worn) {*Englaciate rC+++ SInv}
   (You found it on level 9 of the Dungeon)

   It radiates cold, occasionally slowing all nearby creatures who are not
   resistant to cold.
   rC:        It renders you almost immune to cold.
   SInv:      It lets you see invisible.
Magical Staves
 b - a staff of cold
Jewellery
 m - an amulet of magic regeneration (around neck)
 o - a ring of ice
 B - a +6 ring of intelligence (right hand)
 D - an amulet of reflection
 X - the amulet of the Air {Inacc Air Fly rElec RMsl}
   (You found it on level 14 of the Dungeon)

   [amulet of nothing]

   It reduces the accuracy of all your attacks.
   It enhances your air magic.
   rElec:     It insulates you from electricity.
   Fly:       It grants you flight.
   RMsl:      It protects you from missiles.
 Z - a +4 ring of slaying (left hand)
Wands
 f - a wand of acid (6)
 z - a wand of paralysis (20)
 H - a wand of charming (13)
 O - a wand of digging (16)
 Y - a wand of polymorph (21)
Scrolls
 c - a scroll of enchant weapon {unknown}
 d - 4 scrolls of fear
 e - 3 scrolls of vulnerability
 l - a scroll of holy word {unknown}
 n - 6 scrolls of immolation
 q - a scroll of brand weapon {unknown}
 L - 2 scrolls of summoning
 S - 2 scrolls of fog
 V - 5 scrolls of magic mapping
 W - a scroll of enchant armour {unknown}
Potions
 g - 6 potions of attraction
 h - 2 potions of ambrosia
 k - 5 potions of cancellation
 p - 10 potions of curing
 s - a potion of brilliance
 u - 3 potions of flight
 C - 4 potions of invisibility
 F - 5 potions of resistance
 G - 2 potions of might {unknown}
 P - a potion of lignification {unknown}
 Q - 3 potions of berserk rage {unknown}
 R - 2 potions of magic {unknown}


   Skills:
 * Level 11.4 Fighting
 * Level 9.1 Staves
 - Level 1.7 Dodging
 + Level 11.7 Stealth
 * Level 14.4 Shields
 * Level 12.8 Spellcasting
 - Level 6.0 Conjurations
 - Level 2.5 Transmutations
 - Level 12.0 Ice Magic
 - Level 5.0 Air Magic
 - Level 3.0 Earth Magic
 * Level 9.8 Invocations


You had 19 spell levels left.
You knew the following spells:

 Your Spells              Type           Power      Damage    Failure   Level
a - Conjure Flame         Conj/Fire      31%        6-21      3%          3
b - Frozen Ramparts       Ice            100%       1d12      1%          3
c - Ozocubu's Armour      Ice            66%        N/A       1%          3
d - Hailstorm             Conj/Ice       57%        3d12      1%          4
e - Freezing Cloud        Conj/Ice/Air   26%        6-21      4%          5
f - Beastly Appendage     Tmut           56%        N/A       1%          1
g - Passwall              Tmut/Erth      24%        N/A       1%          2

Your spell library contained the following spells:

 Spells                   Type           Power      Damage    Failure   Level
 Foxfire                  Conj/Fire      100%       2x1d9     1%          1
 Freeze                   Ice            100%       1d11      1%          1
 Sandblast                Erth           62%        2d14      1%          1
 Shock                    Conj/Air       100%       1d9       1%          1
 Stone Arrow              Conj/Erth      76%        3d11      1%          3
 Ice Form                 Ice/Tmut       51%        N/A       1%          4
 Wereblood                Tmut           28%        N/A       2%          2
 Mephitic Cloud           Conj/Pois/Air  34%        N/A       2%          3
 Summon Ice Beast         Ice/Summ       46%        N/A       3%          4
 Pain                     Necr           64%        1d7       4%          1
 Airstrike                Air            20%        N/A       5%          4
 Spider Form              Tmut/Pois      22%        N/A       8%          3
 Ignite Poison            Fire/Tmut/Pois 20%        N/A       9%          3
 Gell's Gravitas          Tloc           16%        N/A       12%         3
 Inner Flame              Hex/Fire       16%        N/A       12%         3
 Lesser Beckoning         Tloc           16%        N/A       12%         3
 Teleport Other           Tloc           16%        N/A       12%         3
 Flame Wave               Conj/Fire      31%        3d7       12%         4
 Sticky Flame             Conj/Fire      31%        2d5       12%         4
 Irradiate                Conj/Tmut      18%        3d19      21%         5
 Lee's Rapid Deconstruct  Erth           15%        3d11*     32%         5
 Blade Hands              Tmut           14%        N/A       38%         5
 Agony                    Necr           16%        N/A       75%         5
 Excruciating Wounds      Necr           8%         N/A       75%         5
 Dragon Form              Tmut           14%        N/A       100%        7
 Borgnjor's Revivificati  Necr           8%         N/A       100%        8
 Necromutation            Tmut/Necr      11%        N/A       100%        8
 Death's Door             Necr           8%         N/A       100%        9
 Swiftness                Air            Unusable   N/A       N/A         3

Dungeon Overview and Level Annotations

Branches:
Dungeon (15/15)            Temple (1/1) D:5            Lair (6/6) D:9
  Swamp (0/4) Lair:3        Snake (0/4) Lair:2        Slime (0/5) Lair:6
    Orc (0/2) D:10         Vaults (0/5) D:14         Depths (0/4) D:15
  IceCv (1/1)             Volcano (visited)         Gauntlet (visited)

Altars:
Ashenzari
Cheibriados
Dithmenos
Elyvilon
Fedhas
Gozag
Hepliaklqana
Kikubaaqudgha
Makhleb
Nemelex Xobeh
Okawaru
Qazlal
Ru
Sif Muna
Trog
Uskayaw
Vehumet
Wu Jian
Xom
Yredelemnul
Zin
The Shining One

Shops:
D:11 [

Portals:
Trove: D:12 (give horn of Geryon)


Innate Abilities, Weirdness & Mutations

You cannot be hasted, slowed, berserked, paralysed or teleported.
You can dig through walls and to a lower floor.
You have a pair of large antennae on your head. (SInv)
Your four strong arms can wield two-handed weapons with a shield.


Message History

* * * LOW HITPOINT WARNING * * *
Unknown command.
Unknown command.
You feel much better.
You radiate an aura of cold.
The caustic shrike simulacrum is unaffected.
You block the caustic shrike simulacrum's attack. x2
Unknown command.
Unknown command.
Unknown command.
You hit the caustic shrike simulacrum.
You melt the caustic shrike simulacrum.
The caustic shrike simulacrum is severely damaged.
You block the caustic shrike simulacrum's attack.
Unknown command.
Unknown command.
You barely miss the caustic shrike simulacrum.
The caustic shrike simulacrum is severely damaged.
You block the caustic shrike simulacrum's attack.
The caustic shrike simulacrum claws you but does no damage.
Unknown command.
Unknown command.
You closely miss the caustic shrike simulacrum.
The caustic shrike simulacrum is severely damaged.
The caustic shrike simulacrum claws you!
* * * LOW HITPOINT WARNING * * *
The caustic shrike simulacrum freezes you!
You resist.
* * * LOW HITPOINT WARNING * * *
The caustic shrike simulacrum closely misses you.
You closely miss the caustic shrike simulacrum.
The caustic shrike simulacrum is severely damaged.
The caustic shrike simulacrum claws you.
* * * LOW HITPOINT WARNING * * *
The caustic shrike simulacrum freezes you!
You resist.
* * * LOW HITPOINT WARNING * * *
The caustic shrike simulacrum claws you.
* * * LOW HITPOINT WARNING * * *
The caustic shrike simulacrum freezes you!
You resist.
You die...

#.## #### #...#
##..## #..○..
#....## ..°.§.
##..#..## #☼§§☼..
##.###...# .°§°§..
#..####..###§§☼☼☼§.
##..#.)##..#.....#
#..##...##@Z....##
##..#....##....###
#..##....###...#
#..#....## #...# Z
#..##.#.##
#...#...#
#...###†.#
#........
##..##...#
#..#..... #.......#
##.##..#. ##...#..#
.. .##


You could see a caustic shrike simulacrum.

Vanquished Creatures
  Rupert (D:13)
  Kirke (Lair:4)
  Frances (D:14)
  An azure jelly (D:15)
  A minotaur (Gauntlet)
  Snorg (Lair:4)
  Erolcha (D:11)
  A great orb of eyes (Gauntlet)
  2 vault guards (D:14)
  Fannar (D:11)
  Harold (D:7)
  A boulder beetle (D:15)
  7 hydras
  An ogre mage (D:14)
  4 centaur warriors
  3 catoblepae
  4 two-headed ogres
  A deep troll shaman (Lair:6)
  5 death yaks (Lair:6)
  Nergalle (D:12)
  10 skeletal warriors (D:13)
  The ghost of Froggeryz the Basher, a novice GrEn of Okawaru (D:9)
  An obsidian statue (IceCv)
  A bog body (IceCv)
  An orange crystal statue (IceCv)
  A deep elf pyromancer (D:14)
  3 orc knights (D:14)
  14 ugly things
  A manticore (D:14)
  4 cyclopes
  Joseph (D:8)
  An ice statue (D:14)
  15 elephants
  5 black mambas
  Maurice (D:9)
  19 cane toads
  7 gargoyles
  A torpor snail (Lair:3)
  3 anaconda simulacra (IceCv)
  2 unseen horrors
  3 rime drakes
  12 komodo dragons
  A kobold demonologist (D:9)
  Maggie (D:7)
  7 freezing wraiths
  An efreet (Volcano)
  2 yaktaurs (D:14)
  4 ice devils
  A tengu conjurer (D:14)
  An entropy weaver simulacrum (IceCv)
  A queen bee (Gauntlet)
  A golden dragon simulacrum (IceCv)
  5 trolls
  A polar bear (Lair:6)
  22 dream sheep
  21 blink frogs
  5 slime creatures (D:12)
  2 shadows
  A dire elephant simulacrum (IceCv)
  53 yaks
  A vampire (D:13)
  5 wyverns
  3 wraiths
  2 humans
  6 hogs (Lair:4)
  3 minotaur simulacra (IceCv)
  11 vampire mosquitoes
  A steam dragon (Lair:5)
  A warg (D:10)
  2 harpy simulacra (IceCv)
  16 water moccasins
  4 acid dragons
  A sky beast (D:6)
  6 orc warriors
  2 necrophages
  2 black bears
  2 ogres (D:7)
  37 wolves
  12 centaurs
  2 kobold brigands
  15 bullfrogs
  2 scorpions
  A gnoll sergeant (D:4)
  2 deep troll simulacra (IceCv)
  25 killer bees
  4 wights (D:10)
  5 spriggan skeletons (D:10)
  A troll skeleton (D:10)
  3 howler monkeys (D:12)
  A bullfrog zombie (D:5)
  3 centaur zombies
  2 gnoll shamans
  2 jellies
  A bullfrog skeleton (D:4)
  3 centaur skeletons
  11 orc priests
  6 hounds
  An iguana (D:5)
  A scorpion zombie (D:5)
  11 orc wizards
  14 gnolls
  3 adders
  A shadow imp (D:6)
  8 white imps
  4 worms
  2 dart slugs
  38 orcs
  6 ball pythons
  7 bats
  8 endoplasms
  2 giant cockroaches
  4 goblins
  10 hobgoblins
  7 jackals
  14 kobolds
  4 quokkas
  5 frilled lizards
  A rat (D:2)
  9 bushes (Lair:2)
642 creatures vanquished.

Vanquished Creatures (others)
  56 fungi
  135 plants
191 creatures vanquished.

Grand Total: 833 creatures vanquished

Notes
Turn   | Place    | Note
-------+----------+-------------------------------------------
     0 | D:1      | 1994 the Formicid Ice Elementalist began the quest for the
                  | Orb.
     0 | D:1      | Reached XP level 1. HP: 13/13 MP: 3/3
   265 | D:1      | Reached XP level 2. HP: 14/20 MP: 0/5
  1036 | D:1      | Reached XP level 3. HP: 25/25 MP: 4/6
  1339 | D:1      | Learned a level 3 spell: Frozen Ramparts
  1345 | D:1      | Learned a level 3 spell: Ozocubu's Armour
  1848 | D:2      | Reached skill level 1 in Fighting
  1921 | D:2      | Found a bloodstained altar of Trog.
  2031 | D:2      | Reached XP level 4. HP: 32/32 MP: 8/8
  2872 | D:3      | Found a faded altar of an unknown god.
  3007 | D:3      | Reached skill level 1 in Staves
  3132 | D:4      | Reached XP level 5. HP: 37/37 MP: 6/9
  3402 | D:4      | Reached skill level 5 in Ice Magic
  3602 | D:4      | Reached XP level 6. HP: 26/44 MP: 11/11
  4370 | D:4      | Reached skill level 1 in Shields
  4581 | D:4      | Learned a level 4 spell: Hailstorm
  4582 | D:5      | Entered Level 5 of the Dungeon
  4596 | D:5      | Reached XP level 7. HP: 39/50 MP: 9/13
  4884 | D:5      | Found a staircase to the Ecumenical Temple.
  4966 | Temple   | Entered the Ecumenical Temple
  5181 | D:5      | Reached skill level 2 in Shields
  5818 | D:5      | Reached skill level 1 in Conjurations
  5818 | D:5      | Reached XP level 8. HP: 55/57 MP: 14/14
  6152 | D:5      | Reached skill level 3 in Shields
  6340 | D:5      | Identified the +6 whip "Bazonuji" {protect, Str+2}
  6342 | D:5      | Found a faded altar of an unknown god.
  6342 | D:5      | Found a faded altar of an unknown god.
  6351 | D:5      | Found a hazy altar of Hepliaklqana.
  6573 | D:6      | Found a hide-covered altar of Uskayaw.
  6587 | D:6      | Became a worshipper of Uskayaw the Reveller
  6611 | D:6      | Reached * piety under Uskayaw
  6615 | D:6      | Reached ** piety under Uskayaw
  6616 | D:6      | Reached skill level 5 in Spellcasting
  6841 | D:6      | Reached skill level 5 in Stealth
  6841 | D:6      | Reached skill level 4 in Shields
  6841 | D:6      | Reached skill level 1 in Invocations
  6847 | D:6      | Reached *** piety under Uskayaw
  7067 | D:6      | Reached XP level 9. HP: 47/64 MP: 12/17
  7860 | D:7      | Reached skill level 5 in Shields
  7870 | D:7      | Found a basalt altar of Yredelemnul.
  7888 | D:7      | Noticed Maggie
  7899 | D:7      | Reached **** piety under Uskayaw
  7904 | D:7      | Reached ***** piety under Uskayaw
  7905 | D:7      | Killed Maggie
  8125 | D:7      | Noticed Harold
  8141 | D:7      | Killed Harold
  8142 | D:7      | Reached skill level 6 in Shields
  8142 | D:7      | Reached XP level 10. HP: 47/73 MP: 9/19
  8689 | D:7      | Learned a level 5 spell: Freezing Cloud
  8779 | D:8      | Found a burning altar of Makhleb.
  8779 | D:8      | Found an iron altar of Okawaru.
  8831 | D:8      | Noticed Joseph
  8860 | D:8      | Killed Joseph
  9129 | D:8      | Noticed a two-headed ogre
  9145 | D:8      | Killed a two-headed ogre
  9146 | D:8      | Reached skill level 1 in Air Magic
  9326 | D:8      | Found an ancient bone altar of Kikubaaqudgha.
  9350 | D:8      | Reached skill level 7 in Shields
  9912 | D:9      | Reached skill level 5 in Fighting
  9913 | D:9      | Reached XP level 11. HP: 64/79 MP: 18/22
 10132 | D:9      | Found a runed translucent door.
 10139 | D:9      | Noticed Froggeryz's ghost (novice GrEn)
 10152 | D:9      | Killed Froggeryz's ghost
 10234 | D:9      | Noticed a cyclops
 10253 | D:9      | Killed a cyclops
 10399 | D:9      | Noticed Maurice
 10430 | D:9      | Found a stormy altar of Qazlal.
 10447 | D:9      | Killed Maurice
 10583 | D:9      | Reached skill level 5 in Staves
 10744 | D:9      | Found a staircase to the Lair.
 10744 | D:9      | Found the +4 skin of Zhor {*Englaciate rC+++ SInv}
 10857 | D:9      | Learned a level 1 spell: Beastly Appendage
 10941 | D:9      | Reached skill level 8 in Shields
 11142 | D:10     | Entered Level 10 of the Dungeon
 11473 | D:10     | Found a staircase to the Orcish Mines.
 11505 | D:10     | Noticed a two-headed ogre
 11647 | D:10     | Found an opulent altar of Gozag.
 11713 | D:10     | Noticed a two-headed ogre
 11728 | D:10     | Killed a two-headed ogre
 11729 | D:10     | Reached skill level 1 in Transmutations
 11729 | D:10     | Found a glowing golden altar of the Shining One.
 12156 | D:10     | Reached skill level 5 in Invocations
 12286 | D:10     | Killed a two-headed ogre
 12287 | D:10     | Reached XP level 12. HP: 76/87 MP: 20/24
 12741 | D:10     | Learned a level 2 spell: Passwall
 12983 | D:11     | Noticed Erolcha
 12992 | D:11     | Reached skill level 1 in Earth Magic
 13799 | D:11     | Found Zaxtun's Antique Armour Emporium.
 13808 | D:11     | Bought a pair of glowing boots for 180 gold pieces
 14024 | D:11     | Noticed Fannar
 14084 | D:11     | Killed Fannar
 14679 | D:11     | Reached skill level 9 in Shields
 15437 | D:11     | Found Zaxtun's Antique Armour Emporium.
 15463 | D:11     | Killed Erolcha
 15679 | D:12     | Noticed Nergalle
 15691 | D:12     | Killed Nergalle
 15701 | D:12     | Reached skill level 5 in Conjurations
 15701 | D:12     | Reached XP level 13. HP: 69/93 MP: 9/26
 15742 | D:12     | Noticed a four-headed hydra
 15752 | D:12     | Killed a four-headed hydra
 15881 | D:12     | Found a gate leading to a gauntlet.
 15898 | Gauntlet | Entered a Gauntlet
 15898 | Gauntlet | Found a transporter.
 15898 | Gauntlet | Found a transporter.
 15907 | Gauntlet | Found a transporter.
 15911 | Gauntlet | Found a transporter.
 15919 | Gauntlet | Found a transporter.
 15923 | Gauntlet | Found a transporter.
 15931 | Gauntlet | Found a transporter.
 15953 | Gauntlet | Found a transporter.
 15956 | Gauntlet | Noticed a great orb of eyes
 15967 | Gauntlet | Found a transporter.
 15971 | Gauntlet | Found a transporter.
 15987 | Gauntlet | Found a transporter.
 15988 | Gauntlet | Found a transporter.
 16535 | Gauntlet | Killed a great orb of eyes
 16539 | Gauntlet | Reached skill level 10 in Ice Magic
 16539 | Gauntlet | Reached skill level 5 in Air Magic
 16819 | Gauntlet | Noticed a minotaur
 16830 | Gauntlet | Killed a minotaur
 16831 | Gauntlet | Reached skill level 10 in Shields
 17372 | D:12     | Found a portal to a secret trove of treasure.
 17805 | Lair:1   | Entered Level 1 of the Lair of Beasts
 18966 | Lair:2   | Found a staircase to the Snake Pit.
 19197 | Lair:2   | Reached skill level 10 in Spellcasting
 19204 | Lair:2   | Noticed a six-headed hydra
 19216 | Lair:2   | Killed a six-headed hydra
 19217 | Lair:2   | Reached XP level 14. HP: 103/103 MP: 14/28
 19846 | Lair:3   | Reached skill level 11 in Shields
 20336 | Lair:3   | Found a staircase to the Swamp.
 21155 | Lair:4   | Noticed Kirke
 21166 | Lair:4   | Killed Kirke
 21854 | Lair:4   | Noticed Snorg
 21965 | Lair:4   | Killed Snorg
 22198 | Lair:5   | Reached skill level 12 in Shields
 22201 | Lair:5   | Reached skill level 10 in Stealth
 22774 | Lair:5   | Reached XP level 15. HP: 107/113 MP: 18/30
 23076 | Lair:6   | Entered Level 6 of the Lair of Beasts
 23320 | Lair:6   | Found a dark tunnel.
 23358 | Volcano  | Entered a volcano
 24560 | Lair:6   | Found a staircase to the Slime Pits.
 24638 | Lair:6   | Reached skill level 10 in Fighting
 24638 | Lair:6   | Reached skill level 13 in Shields
 24967 | Lair:6   | Got the Incunabulum of Stones and Fire
 25490 | D:13     | Noticed Rupert
 25499 | D:13     | Killed Rupert
 26093 | D:13     | Reached XP level 16. HP: 93/123 MP: 30/32
 27354 | D:14     | Found a gate to the Vaults.
 27559 | D:14     | Noticed Frances
 27585 | D:14     | Killed Frances
 27586 | D:14     | Reached skill level 14 in Shields
 28098 | D:14     | Found the amulet of the Air {Inacc Air Fly rElec RMsl}
 28198 | D:14     | Found the +27 Lear's hauberk
 28273 | D:14     | Identified the amulet of Beogh's Hatred {Acrobat Will+++
                  | rCorr Dex-5 Slay-5}
 28367 | D:15     | Entered Level 15 of the Dungeon
 28629 | D:15     | Found a frozen archway.
 28629 | D:15     | Noticed an azure jelly
 28641 | D:15     | Killed an azure jelly
 28650 | IceCv    | Entered an ice cave
 28772 | IceCv    | Learned a level 3 spell: Conjure Flame
 29981 | IceCv    | HP: 3/126 [caustic shrike simulacrum (4)]
 29981 | IceCv    | Mangled by a caustic shrike simulacrum

Illustrated notes

Levels and vault maps discovered:
D:1:      dpeg_arrival_arbitrary_c, layout_loops_corners
D:2:      layout_basic, basic_altar
D:3:      layout_basic, ebering_ecumenical_altar_sacrificial,
          chequers_serial_rivers_small_a
D:4:      layout_loops_ring
D:5:      layout_layer_cave, nicolae_hepliaklqana_ecumenical_no_more,
          minmay_temple_entry_proselytizer
D:6:      layout_rooms, nicolae_uskayaw_dance_hall, minmay_diced_spiral
D:7:      layout_loops_ring, old_standard_altar, minmay_manual_mess,
          uniq_maggie, uniq_harold
D:8:      layout_gridville, mainiacjoe_overflow_large_starburst,
          kiku_gazebo_pond_becter, uniq_joseph
D:9:      layout_loops_ring, nicolae_qazlal_style_of_elements,
          david_lair_shrubbed, ebering_ghost_reflecting_pool, uniq_maurice
D:10:     layout_layer_cave, nicolae_gozag_cash_rules_everything_around_me,
          mainiacjoe_overflow_24_doors, erik_orc_4, hangedman_tell_no_tales
D:11:     kennysheep_ambush_hall, layout_loops_corners, serial_shops,
          nicolae_shop_overgrown_old_shop, uniq_fannar, uniq_erolcha
D:12:     layout_irregular_city, nicolae_trove_entry_crossroad,
          gauntlet_entry_generic, uniq_nergalle
D:13:     layout_loops_corners, uniq_rupert
D:14:     layout_loops_ring, grunt_vaults_entry_fortified,
          serial_bayou_lagoon_a, minivault_15, uniq_frances
D:15:     grunt_enter_depths_snipers, layout_basic,
          portal_ice_cave_entry_frozen_things
Temple:   dshaligram_water_room_temple
Lair:1:   layout_cave_pods, serial_bayou_shore_b, serial_bayou_shore_b
Lair:2:   layout_long_grid, dummy_snake_entry, minmay_hedge_maze,
          lemuel_fruit_tree
Lair:3:   nzn_winding_woodlands_small [nzn_winding_woodlands_5x15_garden,
          nzn_winding_woodlands_center_garden,
          nzn_winding_woodlands_5x15_zeroes], layout_gridlike, swamp_mist
Lair:4:   layout_cave_pods, uniq_kirke, uniq_snorg
Lair:5:   layout_regular_city
Lair:6:   grunt_lair_end_beastmaster, layout_regular_city, slime_dummy,
          lightli_volcano_entry_magma_tube, grunt_megastairs_2
IceCv:    ice_cave_small_demon

Skill      XL: |  1  2  3  4  5  6  7  8  9 10 11 12 13 14 15 16 |
---------------+-------------------------------------------------+-----
Fighting       | 1 2 3 4 5 6 7 9 10 11 | 11.4
Spellcasting   | 3 4 5 6 7 8 9 10 11 12 | 12.8
Stealth        | 3 4 5 6 7 8 9 10 11 | 11.7
Staves         | 1 2 3 4 5 6 7 8 9 |  9.1
Ice Magic      | 5 6 7 8 9 10 11 12 | 12.0
Shields        | 1 2 4 6 7 8 9 10 12 13 14 | 14.4
Conjurations   | 1 2 3 4 5 6 |  6.0
Invocations    | 1 3 4 5 6 7 8 9 |  9.8
Air Magic      | 1 3 4 5 |  5.0
Transmutations | 1 2 |  2.5
Earth Magic    | 3 |  3.0
Dodging        | |  1.7

Action                   |  1- 3 |  4- 6 |  7- 9 | 10-12 | 13-15 | 16-18 || total
-------------------------+-------+-------+-------+-------+-------+-------++-------
Melee: Dagger            |    10 |       |       |     6 |       |       ||    16
       Spear             |    31 |   111 |    95 |       |       |       ||   237
       Whip              |       |       |   121 |    42 |       |       ||   163
       Quarterstaff      |       |       |       |   351 |   244 |    10 ||   605
       Staff             |       |       |       |    22 |    59 |       ||    81
       Kick              |       |       |       |    14 |    15 |     9 ||    38
       Unarmed           |       |       |       |       |     4 |       ||     4
       Lajatang          |       |       |       |       |    86 |   151 ||   237
Throw: Stone             |       |     8 |     6 |       |       |       ||    14
       Dart              |       |       |     4 |     9 |     7 |     4 ||    24
 Cast: Freeze            |    54 |    40 |    27 |    16 |    12 |       ||   149
       Frozen Ramparts   |       |     8 |    24 |    58 |    15 |     6 ||   111
       Ozocubu's Armour  |       |     5 |    27 |    65 |    53 |    29 ||   179
       Hailstorm         |       |       |       |     7 |    17 |    14 ||    38
       Beastly Appendage |       |       |       |     6 |     6 |     3 ||    15
       Freezing Cloud    |       |       |       |     5 |   128 |    33 ||   166
       Conjure Flame     |       |       |       |       |       |    20 ||    20
Invok: Line Pass         |       |       |       |     1 |       |       ||     1
       Stomp             |       |       |       |       |     1 |       ||     1
 Abil: Dig               |       |       |     3 |    13 |    25 |    19 ||    60
Evoke: Wand              |       |       |       |       |       |     1 ||     1
  Use: Scroll            |       |     5 |     6 |     2 |     8 |     1 ||    22
       Potion            |       |       |       |       |     1 |     3 ||     4
 Stab: Sleeping          |     8 |     6 |     2 |     3 |       |       ||    19
       Paralysed         |       |       |     4 |    18 |    17 |     4 ||    43
       Distracted        |       |       |     1 |       |       |       ||     1
       Petrified         |       |       |       |       |     1 |       ||     1
Armor: Robe              |     8 |    18 |   123 |     8 |       |       ||   157
       Leather armour    |       |       |       |    33 |       |       ||    33
       Animal skin       |       |       |       |    81 |   101 |    53 ||   235
Dodge: Dodged            |    30 |    61 |   147 |   152 |   121 |    42 ||   553
Block: Kite shield       |       |       |     6 |   256 |   127 |       ||   389
       Tower shield      |       |       |       |       |   141 |   171 ||   312

Table legend: (Time is in decaauts)
 A = Elapsed time spent in this place.
 B = Non-inter-level travel time spent in this place.
 C = Inter-level travel time spent in this place.
 D = Time resting spent in this place.
 E = Time spent auto-exploring this place.
 F = Levels seen in this place.
 G = Mean time per level.
                   A        B        C        D        E       F      G
               +--------+--------+--------+--------+--------+-----+--------+
         Total |  29831 |  28520 |   1311 |   8082 |  11257 |  25 | 1193.2 |
       Dungeon |  19782 |  18759 |   1023 |   5392 |   7683 |  15 | 1318.8 |
        Temple |     90 |     70 |     20 |      0 |     60 |   1 |   90.0 |
          Lair |   7025 |   6757 |    268 |   1303 |   3446 |   6 | 1170.8 |
      Ice Cave |   1307 |   1307 |      0 |    775 |      0 |   1 | 1307.0 |
       Volcano |    429 |    429 |      0 |    135 |      0 |   1 |  429.0 |
      Gauntlet |   1196 |   1196 |      0 |    477 |     68 |   1 | 1196.0 |
               +--------+--------+--------+--------+--------+-----+--------+

Top non-repeatable levels by time:
    D:11: 2798 daAuts
     D:1: 1769 daAuts
  Lair:6: 1751 daAuts
    D:10: 1710 daAuts
     D:4: 1698 daAuts
     D:5: 1646 daAuts
    D:14: 1488 daAuts
    D:13: 1453 daAuts
     D:9: 1370 daAuts
   IceCv: 1307 daAuts
  Lair:3: 1282 daAuts
Gauntlet: 1196 daAuts
     D:7: 1191 daAuts
  Lair:1: 1171 daAuts
     D:8: 1147 daAuts
